AoeStats
← Notgreat Notterrible

Black Forest

509971959Analyzed
4v4 RM · 2d ago on Sep 28, 2026· 59m 19s· 8 players
Game mode
Random Map
Map size
Large (8 player)
Population
200
Speed
Normal
Resources
Standard
Victory
Conquest
Starting age
Dark Age
Ending age
Imperial Age
RankedLock teamsTeams togetherTeam positionsShared explorationLock speedFull tech treeHidden civsTurbo modeCheats
Victory
Defeat
🇭🇰 Ethiopians · Hong Kong SAR China
825
+14
🇬🇬 Japanese · Guernsey
785
+16
🇺🇸 Britons · United States
746
+17
🇨🇿 Khmer · Czechia
722
+18
🇦🇷 Byzantines · Argentina
792
-17
🇦🇷 Goths · Argentina
779
-16
🇦🇷 Franks · Argentina
776
-16
🇦🇷 Poles · Argentina
767
-16
Snoopy Comunista
10:58 Feudal Age
14:53 Bloodlines
18:46 Scale Barding Armor
19:02 Forging
18:54 Scale Mail Armor
20:14 Horse Collar
23:08 Castle Age
23:30 Padded Archer Armor
23:21 Fletching
26:57 Heavy Plow
26:55 Treadmill Crane
31:07 Husbandry
34:13 Chain Barding Armor
35:13 Light Cavalry
42:39 Imperial Age
41:02 Chain Mail Armor
42:19 Iron Casting
51:37 Plate Mail Armor
52:07 Blast Furnace
pazoz07
11:52 Feudal Age
12:54 Double-Bit Axe
18:29 Wheelbarrow
18:19 Gold Mining
21:09 Castle Age
19:51 Scale Barding Armor
19:47 Scale Mail Armor
19:58 Forging
22:32 Husbandry
23:45 Stone Mining
24:11 Bow Saw
28:08 Chain Barding Armor
30:23 Hand Cart
37:16 Imperial Age
40:12 Conscription
39:16 Cavalier
40:43 Chain Mail Armor
41:04 Iron Casting
41:09 Plate Barding Armor
41:12 Caravan
42:26 Town Watch
42:08 Paladin
45:20 Gold Shaft Mining
47:09 Plate Mail Armor
47:40 Blast Furnace
Matrox983928
13:32 Feudal Age
11:48 Loom
18:42 Castle Age
16:56 Gold Mining
17:45 Double-Bit Axe
20:49 Bow Saw
23:17 Imperial Age
21:58 Gold Shaft Mining
22:12 Horse Collar
23:34 Heavy Plow
25:00 Chemistry
26:32 Padded Archer Armor
27:36 Leather Archer Armor
32:24 Fortified Wall
32:51 Ring Archer Armor
34:30 Wheelbarrow
39:44 Elite Varangian Guard
41:27 Ballistics
41:57 Logistica
44:03 Hand Cart
43:56 Scale Mail Armor
43:55 Gambesons
56:01 Hoardings
55:29 Onager
56:38 Chain Mail Armor
Marianef5340
2:37 Loom
12:24 Feudal Age
19:38 Castle Age
18:33 Horse Collar
18:41 Double-Bit Axe
20:28 Wheelbarrow
29:09 Forging
32:07 Caravan
36:39 Imperial Age
34:20 Scale Mail Armor
35:45 Anarchy
37:19 Iron Casting
36:48 Heavy Plow
38:22 Conscription
39:06 Elite Huskarl
39:49 Perfusion
41:16 Chain Mail Armor
40:58 Man-at-Arms
41:10 Pikeman
41:51 Squires
41:12 Long Swordsman
41:37 Two-Handed Swordsman
42:26 Champion
42:50 Halberdier
44:46 Blast Furnace
48:57 Onager
51:34 Chemistry
zaff007008
11:12 Feudal Age
11:42 Double-Bit Axe
18:30 Castle Age
16:48 Horse Collar
18:25 Fletching
18:49 Forging
18:41 Padded Archer Armor
18:49 Crossbowman
19:59 Gold Mining
22:22 Squires
21:47 Pikeman
22:57 Heavy Plow
23:34 Bow Saw
26:02 Wheelbarrow
27:48 Gold Shaft Mining
27:50 Stone Mining
29:55 Hand Cart
32:33 Imperial Age
30:57 Man-at-Arms
31:22 Arson
31:25 Gambesons
31:51 Scale Mail Armor
33:47 Ballistics
33:26 Bodkin Arrow
33:41 Loom
35:08 Halberdier
38:28 Arbalester
41:03 Chemistry
40:09 Bracer
44:06 Leather Archer Armor
44:28 Iron Casting
44:31 Chain Mail Armor
50:24 Conscription
51:36 Warwolf
54:43 Yeomen
55:26 Ring Archer Armor
55:26 Plate Mail Armor
55:57 Blast Furnace
57:44 Elite Skirmisher
Aethelwulf
0:29 Loom
13:15 Feudal Age
16:17 Double-Bit Axe
16:18 Horse Collar
23:35 Forging
23:25 Scale Mail Armor
22:48 Man-at-Arms
23:37 Fishing Lines
24:54 Arson
26:41 Wheelbarrow
28:43 Castle Age
29:13 Wheelbarrow
30:58 Bow Saw
30:52 Heavy Plow
31:32 Iron Casting
31:12 Chain Mail Armor
30:56 Gambesons
31:14 Squires
34:10 Gillnets
37:58 Imperial Age
39:44 Two-Man Saw
39:48 Blast Furnace
38:41 Town Watch
42:52 Conscription
44:06 Yasama
44:53 Caravan
46:11 Kataparuto
50:52 Gold Mining
50:54 Stone Mining
50:32 Elite Samurai
51:53 Plate Mail Armor
52:02 Pikeman
53:40 Halberdier
59:29 Ballistics
59:00 Guard Tower
58:55 Arrowslits
58:54 Treadmill Crane
59:10 Murder Holes
Notgreat Notterrible
0:27 Loom
11:28 Feudal Age
12:04 Town Watch
13:13 Double-Bit Axe
13:46 Horse Collar
21:29 Castle Age
20:19 Gold Mining
20:20 Stone Mining
21:59 Bloodlines
23:20 Town Patrol
23:33 Husbandry
28:59 Bow Saw
28:57 Heavy Plow
36:08 Stone Shaft Mining
36:12 Gold Shaft Mining
43:42 Imperial Age
41:50 Wheelbarrow
42:45 Ballistics
42:36 Fortified Wall
42:22 Murder Holes
42:17 Heated Shot
42:38 Masonry
42:36 Scale Barding Armor
42:31 Padded Archer Armor
42:31 Scale Mail Armor
42:42 Forging
42:22 Fletching
43:14 Tusk Swords
43:45 Hand Cart
43:45 Heavy Scorpion
44:49 Conscription
44:30 Double Crossbow
46:31 Chemistry
45:37 Siege Engineers
45:54 Chain Barding Armor
45:49 Leather Archer Armor
45:50 Chain Mail Armor
46:10 Iron Casting
44:58 Light Cavalry
47:39 Caravan
49:57 Plate Barding Armor
49:52 Ring Archer Armor
49:17 Bodkin Arrow
49:55 Architecture
48:49 Elite Battle Elephant
48:53 Hussar
52:27 Hoardings
52:56 Blast Furnace
51:46 Arson
51:22 Pikeman
53:40 Halberdier
On2toy
12:31 Feudal Age
13:24 Fishing Lines
13:59 Double-Bit Axe
13:56 Horse Collar
20:30 Castle Age
19:55 Stone Mining
19:59 Gold Mining
24:06 Wheelbarrow
27:30 Imperial Age
26:44 Scale Mail Armor
27:05 Forging
28:28 Chain Mail Armor
28:43 Hand Cart
28:30 Gillnets
30:55 Plate Mail Armor
31:00 Iron Casting
33:53 Conscription
34:37 Gold Shaft Mining
34:37 Stone Shaft Mining
34:59 Heavy Scorpion
37:59 Caravan
38:30 Coinage
40:01 Bow Saw
39:53 Heavy Plow
40:48 Banking
42:25 Arson
42:41 Squires
42:47 Heated Shot
43:18 Ballistics
43:58 Chemistry
43:04 Siege Engineers
43:16 Fortified Wall
45:35 Guilds
45:44 Guilds
47:14 Torsion Engines
Connection lost

Rejoining the realm…

Still unreachable

The connection could not be restored.

Session expired

The server has moved on; the page needs a fresh start.